 Dungeon Sprint DCSS version 0.30-a0-469-g84de5afbc5 (webtiles) character file.

Game seed: 12314267072883602656

5700000 NinjaNoafa the Intangible (level 27, -38/228 HPs)
             Began as a Djinni Warper on Dec 19, 2022.
             Was the Champion of Makhleb.
             Annihilated by a meat berserker
             ... wielding a +9 battleaxe
              (45 damage)
             ... in the Dungeon (Sprint VIII: "Arena of Blood").
             The game lasted 00:01:30 (57 turns).

NinjaNoafa the Intangible (Djinni Warper)             Turns: 57, Time: 00:01:31

Health: -38/228    AC:  6    Str: 10    XL:     27
Gold:   0          EV: 36    Int: 17    God:    Makhleb [******] SH:  0 Dex: 25

rFire   + + .      SeeInvis .    i - +∞ Axe of Woe
rCold   x . .      Faith    .    (shield currently unavailable)
rNeg    . . .      Spirit   .    b - +0 leather armour
rPois   ∞          Reflect  .    (no helmet)
rElec   .          Harm     .    (no cloak)
rCorr   .          Rampage  .    (no gloves)
Will    ++...      NoTele   +    (boots unavailable)
Stlth   ++++++++++               (no amulet)
HPRegen 0.58/turn                (no ring)
MPRegen 0.00/turn                (no ring)

@: death channelling (expiring), flying, slowed, very slow
A: sickness immunity, fire resistance 2, cold vulnerability 1, float, innate
caster, HP casting, extra vitality 1
a: Renounce Religion, Minor Destruction, Lesser Servant of Makhleb, Major
Destruction, Greater Servant of Makhleb


You were in the Dungeon.
You worshipped Makhleb.
Makhleb was exalted by your worship.
You visited 1 branch

Inventory:

Hand Weapons
 a - a +0 hand axe
 i - the +∞ Axe of Woe (weapon)
   (You found it in the Dungeon)
Missiles
 d - 7 boomerangs of dispersal (quivered)
Armour
 b - a +0 leather armour (worn)
Scrolls
 c - a scroll of blinking
Potions
 e - a potion of curing
 f - a potion of heal wounds
 g - a potion of haste
 h - a potion of berserk rage


   Skills:
 O Level 27 Fighting
 O Level 27 Short Blades
 O Level 27 Long Blades
 O Level 27 Axes
 O Level 27 Maces & Flails
 O Level 27 Polearms
 O Level 27 Staves
 O Level 27 Ranged Weapons
 O Level 27 Throwing
 O Level 27 Armour
 O Level 27 Dodging
 O Level 27 Stealth
 O Level 27 Shields
 O Level 27 Unarmed Combat
 O Level 27 Spellcasting
 O Level 27 Invocations
 O Level 27 Evocations


You couldn't memorise any spells.
You knew the following spells:

 Your Spells              Type           Power      Damage    Failure   Level
a - Blink                 Tloc           100%       N/A       0%          2
b - Lesser Beckoning      Tloc           100%       N/A       0%          3
c - Vhi's Electric Charg  Tloc/Air       100%       N/A       0%          3
d - Teleport Other        Tloc           86%        N/A       0%          3
e - Manifold Assault      Tloc           86%        N/A       0%          4
f - Sandblast             Erth           100%       2d20      0%          1
g - Scorch                Fire           100%       2d10      0%          2
h - Spider Form           Tmut/Pois      86%        N/A       0%          3
i - Summon Ice Beast      Ice/Summ       86%        N/A       0%          4
j - Freezing Cloud        Conj/Ice/Air   43%        6-21      0%          5
k - Fireball              Conj/Fire      43%        3d17      0%          5
l - Death Channel         Necr           43%        N/A       0%          6
m - Orb of Destruction    Conj           43%        9d12      1%          7
n - Dragon Form           Tmut           43%        N/A       1%          7
o - Borgnjor's Revivific  Necr           43%        N/A       1%          8
p - Necromutation         Tmut/Necr      43%        N/A       1%          8
q - Disjunction           Tloc           43%        N/A       1%          8
r - Death's Door          Necr           43%        N/A       2%          9
Your spell library was empty.

Dungeon Overview and Level Annotations

Branches:
Dungeon (1/1)

Altars:
Makhleb


Innate Abilities, Weirdness & Mutations

You are immune to sickness and miasma.
You are immune to poison.
Your flesh is very heat resistant. (rF++)
You are vulnerable to cold. (rC-)
You float through the air rather than walking.
You learn spells naturally, not from books.
Your magical power is your life essence.
You have superior vitality. (+4 MHP)


Message History

The meat beast appears out of thin air!
A meat beast comes into view.
The meat beast roars deafeningly!
You hear a shout! x2
The meat berserker hits your spectral bag of meat with a +9 battleaxe!!!!
Your spectral bag of meat is destroyed!
The meat berserker hits your spectral bag of meat with a +9 battleaxe!!!!
Your spectral bag of meat is destroyed!
The meat berserker rages.
The sculptor of flesh hits you with a +9 great sword!!!!!
Ouch! That really hurt!
* * * LOW HITPOINT WARNING * * *
The tyrant touches your spectral meat berserker.
Your spectral meat berserker hits the tyrant.
Your spectral meat berserker hits the sculptor of flesh but does no damage.
You hear a shout!
A meat berserker comes into view. It is wielding a +9 battleaxe.
A large bag of meat comes into view. It is wielding a +9 giant spiked club.
Something hits your spectral bag of meat!!
The meat berserker hits your spectral bag of meat with a +9 battleaxe!!!!
Your spectral bag of meat is destroyed!
The accursed points at you and mumbles some strange words.
Something smites you!
* * * LOW HITPOINT WARNING * * *
The bag of meat hits your spectral bag of meat with a +9 war axe.
The accursed points at you and mumbles some strange words.
Something smites you!
* * * LOW HITPOINT WARNING * * *
The accursed points at you and mumbles some strange words.
Something smites you!
* * * LOW HITPOINT WARNING * * *
The tentacled monstrosity is engulfed in blazing flames.
The tentacled monstrosity tentacle-slaps your spectral meat berserker!
The tentacled monstrosity tentacle-slaps your spectral meat berserker but does no damage.
The tentacled monstrosity tentacle-slaps your spectral meat berserker.
Your spectral large bag of meat is smitten.
A bag of meat comes into view. It is wielding a +9 war axe.
A destroyer comes into view. It is wielding a +9 vorpal great sword.
The tyrant gestures wildly while chanting.
The meat berserker hits you with a +9 battleaxe!!!
You die...

...2L§XL..#.#.M
..)..XZZZZ).)...
#)X.ZZ)Z○.....).
#o§O§Z))).)§O).
O§○§)).).z))Lo
§.))ZZ)§oo.. .
#.).Z..)# .#..
#.@)o§.)#
....)###Oz.))Z.###o
.....§oOOo###o)....
..#..)o)ZoO_..O.)..
#.M.Z...#z)...#.D..
......Z)#_)V._# .
#.MZ.Z)○#ZZOV.#
..#X)X.)Z.._O.O..
..........###......


You could see 3 accurseds, 3 tentacled monstrosities, a meat beast (fast), 3
tyrants, an eight-headed meat hydra (distracted), a destroyer (distracted), 3
sculptors of flesh, 2 large bags of meat, 2 large abominations, 8 meat
berserkers, 9 bags of meat, a friendly spectral nine-headed meat hydra, 13
friendly spectral bags of meat, 4 friendly spectral meat berserkers and 2
friendly spectral large bags of meat.

Vanquished Creatures
  3 royal mummies (D)
  15 vampire knights (D)
  20 ogres (D)
  5 two-headed ogres (D)
  2 liches (D)
  A hydra (D)
  59 orcs (D)
  5 skeletal warriors (D)
110 creatures vanquished.

Vanquished Creatures (collateral kills)
  2 orcs (D)
2 creatures vanquished.

Grand Total: 112 creatures vanquished

Notes
Turn   | Place    | Note
-------+----------+-------------------------------------------
     0 | D        | Found the +∞ Axe of Woe
     0 | D        | NinjaNoafa the Djinni Warper began the quest for the Orb.
     0 | D        | NinjaNoafa set off with the following spells memorised:
                  | Blink, Lesser Beckoning, Vhi's Electric Charge, Teleport
                  | Other, Manifold Assault.
     0 | D        | Reached XP level 1. HP: 18/18 MP: 0/0
     2 | D        | Noticed a meat berserker
     3 | D        | Noticed a bag of meat
     4 | D        | Became a worshipper of Makhleb the Destroyer
     4 | D        | Noticed a bag of meat
     5 | D        | Noticed a bag of meat
     5 | D        | Noticed a meat berserker
     5 | D        | Noticed a bag of meat
     7 | D        | Killed a bag of meat
     7 | D        | Killed a meat berserker
     7 | D        | Reached * piety under Makhleb
     8 | D        | Reached skill level 15 in Dodging
     8 | D        | Reached XP level 2. HP: 26/40 MP: 0/0
     8 | D        | Reached XP level 3. HP: 30/46 MP: 0/0
     8 | D        | Learned a level 1 spell: Sandblast
     8 | D        | Reached XP level 4. HP: 34/52 MP: 0/0
     8 | D        | Reached XP level 5. HP: 38/58 MP: 0/0
     8 | D        | Learned a level 2 spell: Scorch
     8 | D        | Reached XP level 6. HP: 42/64 MP: 0/0
     8 | D        | Reached XP level 7. HP: 45/69 MP: 0/0
     8 | D        | Learned a level 3 spell: Spider Form
     8 | D        | Reached XP level 8. HP: 50/76 MP: 0/0
     8 | D        | Reached XP level 9. HP: 53/81 MP: 0/0
     8 | D        | Learned a level 4 spell: Summon Ice Beast
     8 | D        | Reached XP level 10. HP: 57/87 MP: 0/0
     8 | D        | Reached XP level 11. HP: 61/93 MP: 0/0
     8 | D        | Learned a level 5 spell: Freezing Cloud
     8 | D        | Reached XP level 12. HP: 65/99 MP: 0/0
     8 | D        | Reached XP level 13. HP: 68/104 MP: 0/0
     8 | D        | Learned a level 5 spell: Fireball
     8 | D        | Killed a meat berserker
     9 | D        | Reached skill level 15 in Fighting
     9 | D        | Reached skill level 15 in Armour
     9 | D        | Reached XP level 14. HP: 75/114 MP: 0/0
    10 | D        | Killed a bag of meat
    10 | D        | Noticed a bag of meat
    11 | D        | Killed a bag of meat
    11 | D        | Reached ** piety under Makhleb
    11 | D        | Killed a bag of meat
    11 | D        | Killed a bag of meat
    11 | D        | Noticed a meat berserker
    11 | D        | Noticed a meat berserker
    11 | D        | Noticed a bag of meat
    12 | D        | Reached XP level 15. HP: 124/124 MP: 0/0
    12 | D        | Learned a level 6 spell: Death Channel
    12 | D        | Killed a meat berserker
    12 | D        | Reached *** piety under Makhleb
    12 | D        | Killed a meat berserker
    12 | D        | Noticed a meat berserker
    13 | D        | Reached skill level 15 in Spellcasting
    13 | D        | Reached XP level 16. HP: 136/136 MP: 0/0
    14 | D        | Noticed a meat berserker
    14 | D        | Noticed a meat berserker
    16 | D        | Killed a meat berserker
    16 | D        | Reached **** piety under Makhleb
    16 | D        | Killed a meat berserker
    16 | D        | Noticed a meat berserker
    17 | D        | Reached skill level 15 in Invocations
    17 | D        | Reached XP level 17. HP: 146/146 MP: 0/0
    17 | D        | Learned a level 7 spell: Orb of Destruction
    17 | D        | Killed a meat berserker
    17 | D        | Killed a meat berserker
    17 | D        | Reached ***** piety under Makhleb
    17 | D        | Noticed a meat berserker
    18 | D        | Reached XP level 18. HP: 156/156 MP: 0/0
    19 | D        | Noticed a meat berserker
    20 | D        | Noticed a destroyer
    21 | D        | Noticed a destroyer
    21 | D        | Noticed a meat berserker
    22 | D        | Noticed a destroyer
    22 | D        | Killed a meat berserker
    23 | D        | Noticed a meat berserker
    24 | D        | Reached XP level 19. HP: 166/166 MP: 0/0
    24 | D        | Learned a level 7 spell: Dragon Form
    24 | D        | Noticed a destroyer
    24 | D        | Noticed a meat berserker
    25 | D        | Reached ****** piety under Makhleb
    25 | D        | Noticed a large bag of meat
    25 | D        | Noticed a large bag of meat
    26 | D        | Killed a meat berserker
    26 | D        | Killed a destroyer
    26 | D        | Noticed a meat berserker
    26 | D        | Noticed a meat berserker
    27 | D        | Reached skill level 27 in Dodging
    27 | D        | Reached XP level 20. HP: 178/178 MP: 0/0
    27 | D        | Killed a destroyer
    28 | D        | Reached skill level 27 in Fighting
    28 | D        | Reached skill level 27 in Armour
    28 | D        | Noticed a destroyer
    28 | D        | Killed a large bag of meat
    28 | D        | Killed a meat berserker
    28 | D        | Noticed a large bag of meat
    29 | D        | Reached XP level 21. HP: 187/187 MP: 0/0
    29 | D        | Learned a level 8 spell: Borgnjor's Revivification
    30 | D        | Killed a large bag of meat
    30 | D        | Noticed a meat berserker
    31 | D        | Reached skill level 27 in Invocations
    31 | D        | Killed a meat berserker
    31 | D        | Killed a destroyer
    31 | D        | Killed a meat berserker
    32 | D        | Reached skill level 27 in Axes
    32 | D        | Reached skill level 27 in Throwing
    32 | D        | Reached skill level 27 in Spellcasting
    32 | D        | Reached XP level 22. HP: 194/194 MP: 0/0
    33 | D        | Killed a destroyer
    34 | D        | Reached skill level 10 in Maces & Flails
    34 | D        | Reached skill level 10 in Polearms
    34 | D        | Reached skill level 10 in Ranged Weapons
    34 | D        | Reached XP level 23. HP: 201/201 MP: 0/0
    34 | D        | Learned a level 8 spell: Necromutation
    34 | D        | Noticed a destroyer
    35 | D        | Killed a destroyer
    35 | D        | Killed a destroyer
    35 | D        | Noticed a large bag of meat
    35 | D        | Noticed a destroyer
    36 | D        | Reached skill level 15 in Shields
    36 | D        | Reached skill level 15 in Unarmed Combat
    36 | D        | Reached skill level 15 in Evocations
    36 | D        | Reached XP level 24. HP: 208/208 MP: 0/0
    37 | D        | Noticed a destroyer
    38 | D        | Reached skill level 15 in Short Blades
    38 | D        | Reached skill level 15 in Long Blades
    38 | D        | Reached skill level 15 in Staves
    38 | D        | Reached skill level 15 in Stealth
    38 | D        | Killed a large bag of meat
    38 | D        | Noticed a destroyer
    39 | D        | Reached XP level 25. HP: 214/214 MP: 0/0
    39 | D        | Learned a level 8 spell: Disjunction
    39 | D        | Noticed a destroyer
    39 | D        | Noticed a destroyer
    39 | D        | Killed a destroyer
    40 | D        | Killed a destroyer
    40 | D        | Killed a destroyer
    41 | D        | Reached XP level 26. HP: 221/221 MP: 0/0
    41 | D        | Killed a destroyer
    41 | D        | Noticed a destroyer
    42 | D        | Killed a destroyer
    43 | D        | Killed a large bag of meat
    44 | D        | Reached XP level 27. HP: 228/228 MP: 0/0
    44 | D        | Learned a level 9 spell: Death's Door
    44 | D        | Noticed an accursed
    44 | D        | Noticed an accursed
    46 | D        | Noticed a destroyer
    46 | D        | Noticed a destroyer
    47 | D        | Killed an accursed
    47 | D        | Killed a destroyer
    48 | D        | Killed a destroyer
    48 | D        | Killed an accursed
    49 | D        | Reached skill level 27 in Shields
    49 | D        | Reached skill level 27 in Unarmed Combat
    49 | D        | Reached skill level 27 in Evocations
    49 | D        | Noticed an accursed
    49 | D        | Killed an accursed
    49 | D        | Killed a destroyer
    49 | D        | Noticed a destroyer
    50 | D        | Reached skill level 27 in Short Blades
    50 | D        | Reached skill level 27 in Long Blades
    50 | D        | Reached skill level 27 in Staves
    50 | D        | Reached skill level 27 in Stealth
    50 | D        | Killed a destroyer
    51 | D        | Reached skill level 27 in Maces & Flails
    51 | D        | Reached skill level 27 in Polearms
    51 | D        | Reached skill level 27 in Ranged Weapons
    51 | D        | Noticed a tyrant
    51 | D        | Noticed a large bag of meat
    52 | D        | Noticed a destroyer
    53 | D        | Noticed a tyrant
    53 | D        | Noticed a tyrant
    54 | D        | Noticed a large bag of meat
    55 | D        | Killed a tyrant
    55 | D        | Killed a tyrant
    55 | D        | Noticed an accursed
    55 | D        | Noticed a destroyer
    55 | D        | Noticed a tyrant
    56 | D        | Noticed an accursed
    56 | D        | Noticed an accursed
    56 | D        | Noticed a tyrant
    57 | D        | Killed a large bag of meat
    57 | D        | Noticed a meat beast
    57 | D        | Noticed a large bag of meat
    57 | D        | HP: 7/228 [accursed/divine providence (10)]
    57 | D        | Noticed a destroyer
    57 | D        | Annihilated by a meat berserker

Illustrated notes

Levels and vault maps discovered:
D:        meatsprint

Skill      XL: |  1  2  3  4  5  6  7  8  9 10 11 12 13 14 15 16 17 18 19 20 21 22 23 24 25 26 27 |
---------------+----------------------------------------------------------------------------------+-----
Fighting       | 13 15 17 19 21 22 23 26 27 | 27.0
Axes           | 11 13 14 16 18 19 20 22 24 27 | 27.0
Throwing       | 11 12 14 16 17 19 20 22 24 27 | 27.0
Armour         | 13 15 17 19 20 22 23 26 27 | 27.0
Dodging        | 15 16 18 20 22 24 25 27 | 27.0
Spellcasting   | 11 12 13 15 16 18 19 21 23 27 | 27.0
Invocations    | 8 12 15 17 19 22 25 27 | 27.0
Short Blades   | 6 11 14 17 20 22 27 | 27.0
Long Blades    | 6 11 14 17 20 22 27 | 27.0
Maces & Flails | 6 10 13 16 18 21 27 | 27.0
Polearms       | 6 10 13 16 18 21 27 | 27.0
Staves         | 6 11 14 17 20 22 27 | 27.0
Ranged Weapons | 6 10 13 16 18 21 27 | 27.0
Stealth        | 6 11 14 17 20 22 27 | 27.0
Shields        | 7 12 15 18 22 24 27 | 27.0
Unarmed Combat | 7 12 15 18 22 24 27 | 27.0
Evocations     | 7 12 15 18 22 24 27 | 27.0

Action                   |  1- 3 |  4- 6 |  7- 9 | 10-12 | 13-15 | 16-18 | 19-21 | 22-24 | 25-27 || total
-------------------------+-------+-------+-------+-------+-------+-------+-------+-------+-------++-------
Melee: Executioner's axe |     1 |       |       |       |     8 |    10 |    17 |    22 |    55 ||   113
 Cast: Manifold Assault  |       |       |       |       |     2 |     3 |     4 |     5 |    15 ||    29
       Fireball          |       |       |       |       |     1 |       |       |       |       ||     1
       Death Channel     |       |       |       |       |       |     1 |       |       |       ||     1
       Orb of Destructio |       |       |       |       |       |     2 |       |       |       ||     2
       Disjunction       |       |       |       |       |       |       |       |       |     2 ||     2
  Use: Scroll            |     1 |       |       |       |       |       |       |       |       ||     1
Armor: Leather armour    |       |       |       |       |       |       |     1 |       |       ||     1
Dodge: Dodged            |       |       |       |       |       |       |     2 |       |     2 ||     4

Table legend: (Time is in decaauts)
 A = Elapsed time spent in this place.
 B = Non-inter-level travel time spent in this place.
 C = Inter-level travel time spent in this place.
 D = Time resting spent in this place.
 E = Time spent auto-exploring this place.
 F = Levels seen in this place.
 G = Mean time per level.
                   A        B        C        D        E       F      G
               +--------+--------+--------+--------+--------+-----+--------+
         Total |     52 |     52 |      0 |      0 |      0 |   1 |   52.0 |
       Dungeon |     52 |     52 |      0 |      0 |      0 |   1 |   52.0 |
               +--------+--------+--------+--------+--------+-----+--------+

Top non-repeatable levels by time:
       D: 52 daAuts
